 Dungeon Crawl Stone Soup version 0.19.5 (webtiles) character file.

1536 Hamenopi the Ruffian (level 8, -5/78 HPs)
             Began as a Troll Berserker on May 7, 2017.
             Was an Elder of Trog.
             Shot with a sling bullet by Joseph (12 damage)
             ... on level 7 of the Dungeon.
             The game lasted 00:35:09 (4962 turns).

Hamenopi the Ruffian (Troll Berserker)              Turns: 4962, Time: 00:35:09

Health: -5/78      AC:  8    Str: 28    XL:     8   Next: 56%
Magic:  7/7        EV: 12    Int:  3    God:    Trog [****..]
Gold:   310        SH:  3    Dex: 15    Spells: 0 memorised, 7 levels left

rFire  + . .     SeeInvis .     P - +4 Vampire's Tooth {vamp}
rCold  . . .     Gourm    +     i - +0 robe
rNeg   . . .     Faith    .     (no shield)
rPois  .         Spirit   .     (helmet restricted)
rElec  .         Reflect  +     r - +2 cloak {MR+}
rCorr  .         Harm     .     (gloves unavailable)
MR     +....     Rnd*Tele +     (boots unavailable)
Stlth  ++........               G - +3 amulet of reflection
                                E - +3 ring of dexterity
                                J - ring of Vehoovej {*Tele +Fly rF+ Dex+3}

@: exhausted, slowed, very slow
A: unfitting armour, claws 3, fast metabolism 3, gourmand, regeneration 1,
shaggy fur 1, tough skin 2
a: Berserk, Trog's Hand, Brothers in Arms, Burn Spellbooks, Renounce Religion,
Evoke Flight


You were on level 7 of the Dungeon.
You worshipped Trog.
Trog was greatly pleased with you.
You were not hungry.

You visited 1 branch of the dungeon, and saw 7 of its levels.

You collected 310 gold pieces.

Inventory:

Hand Weapons
 q - a +2 quarterstaff of chaos
 t - a +1 dagger of flaming
 y - a +0 dagger of venom
 P - the +4 Vampire's Tooth (weapon) {vamp}
   (You found it on level 5 of the Dungeon)

   It inflicts no extra harm, but heals its wielder when it wounds a living foe.
Missiles
 d - 116 stones (quivered)
Armour
 i - a +0 robe (worn)
 r - a +2 cloak of magic resistance (worn)
 x - a +0 animal skin
Jewellery
 a - a +2 ring of evasion
 C - an uncursed ring of stealth
 E - a +3 ring of dexterity (right claw)
 G - a +3 amulet of reflection (around neck)
 H - a +1 ring of evasion
 J - the ring of Vehoovej (left claw) {*Tele +Fly rF+ Dex+3}
   (You found it on level 6 of the Dungeon)

   [ring of teleportation]

   It may teleport you next to monsters.
   It affects your dexterity (+3).
   It protects you from fire.
   It lets you fly.
 O - an uncursed ring of flight
Wands
 u - a wand of polymorph (8/24)
 v - a wand of lightning (7/15)
 K - a wand of paralysis (11/24)
Scrolls
 c - a scroll of amnesia {unknown}
 f - 2 scrolls of fog {unknown}
 g - a scroll of fear {unknown}
 h - 3 scrolls of remove curse {unknown}
 j - 4 scrolls of identify {unknown}
 k - 4 scrolls of teleportation {unknown}
 n - a scroll of noise {unknown}
 p - 2 scrolls of immolation {unknown}
 s - a scroll of blinking {unknown}
 w - a scroll of enchant armour {unknown}
 B - a scroll of enchant weapon {unknown}
Potions
 e - a potion of invisibility {unknown}
 o - a potion of haste {unknown}
 z - 2 potions of lignification {unknown}
 A - a potion of resistance {unknown}
 D - 2 potions of heal wounds {unknown}
 F - 3 potions of flight {unknown}
 L - a potion of cancellation {unknown}
 M - a potion of curing {unknown}
 N - a potion of brilliance {unknown}
Books
 I - a book of Maledictions

   Spells                             Type                      Level
   a - Corona                         Hexes                        1
   b - Ensorcelled Hibernation        Hexes/Ice                    2
   c - Confuse                        Hexes                        3
   d - Tukima's Dance                 Hexes                        3
   e - Dazzling Spray                 Conjuration/Hexes            3
   Trog disapproves of the use of such an item.
Comestibles
 b - 5 bread rations
 l - 2 royal jellies
 m - 7 meat rations
 Q - 4 fruits


   Skills:
 + Level 4.1 Fighting
 + Level 1.3 Short Blades
 + Level 4.6 Staves
 + Level 0.8 Throwing
 + Level 4.8 Dodging
 + Level 1.4 Stealth
 + Level 5.9 Unarmed Combat


You had 7 spell levels left.
You didn't know any spells.

Dungeon Overview and Level Annotations

Branches:
Dungeon (7/15)             Temple (0/1) D:7

Altars:
Fedhas
Qazlal

Annotations:
D:4 Dowan, Duvessa
D:7 Joseph


Innate Abilities, Weirdness & Mutations

You are too large for most types of armour.
You have claws for hands.
Your metabolism is lightning-fast.
You like to eat raw meat.
Your natural rate of healing is unusually fast.
You are covered in fur. (AC +1)
You have very tough skin. (AC +2)


Message History

Joseph zaps a wand.
Some rock shatters into small pieces.
Your ogre hits the bullfrog skeleton with a giant spiked club!
The bullfrog skeleton hits your ogre. x2
Found a mace.
A centaur comes into view.
Your ogre hits the bullfrog skeleton with a giant spiked club!!
The bullfrog skeleton is destroyed!
Trog accepts your kill.
Joseph unwields an uncursed quarterstaff.
Joseph wields an uncursed hunting sling.
Joseph shoots a sling bullet.
The sling bullet hits you.
* * * LOW HITPOINT WARNING * * *
You see here a sling bullet.
The centaur wields a shortbow.
The centaur shoots an arrow.
The arrow hits you but does no damage.
The centaur shoots an arrow.
The arrow hits you!
* * * LOW HITPOINT WARNING * * *
You see here an arrow.
Joseph shoots a sling bullet.
The sling bullet hits you!
You die...

......+........+.......+
......#........#.......#
#.<...'...............c#
..))###...<............#
...#.....###...........#
...#......##o..@O......#
...#.....'o.)..#.....).#
...'.....##.O@##(.......
...#.....###(###@.$.....
...#.....###...#.(......
...#.....##........#####
...#.....##........#
#+#....#.##........#
.......##.......... .
............
.......#.......
................


You could see Joseph, a centaur and a friendly ogre (berserk).

Vanquished Creatures
  A hungry ghost (D:7)
  A black bear (D:7)
  An orc warrior (D:7)
  A phantom (D:6)
  An ogre (D:5)
  A centaur (D:6)
  2 bullfrogs (D:7)
  2 jellies
  2 vampire bats (D:5)
  A howler monkey (D:5)
  A crimson imp (D:7)
  A bullfrog zombie (D:5)
  3 hounds
  3 orc wizards
  An iguana (D:6)
  Crazy Yiuf (D:2)
  Natasha (twice) (D:4)
  A worker ant (D:5)
  A hound skeleton (D:6)
  Robin (D:3)
  3 gnolls (D:3)
  7 adders
  A shadow imp (D:6)
  An ooze (D:5)
  An adder skeleton (D:6)
  2 worms
  2 dart slugs
  3 leopard geckos (D:5)
  18 orcs
  4 giant cockroaches
  17 goblins
  10 hobgoblins
  15 jackals
  5 quokkas
  A ball python (D:3)
  11 bats
  5 frilled lizards
  6 kobolds
  6 rats
146 creatures vanquished.

Vanquished Creatures (collateral kills)
  A bullfrog skeleton (D:7)
1 creature vanquished.

Vanquished Creatures (others)
  An adder (D:3)
1 creature vanquished.

Grand Total: 148 creatures vanquished

Notes
Turn   | Place    | Note
-------+----------+-------------------------------------------
     0 | D:1      | Hamenopi the Troll Berserker began the quest for the Orb.
     0 | D:1      | Reached XP level 1. HP: 22/22 MP: 0/0
   411 | D:1      | Reached XP level 2. HP: 27/29 MP: 1/1
   982 | D:2      | Reached ** piety under Trog
   983 | D:2      | Found a blossoming altar of Fedhas.
  1030 | D:2      | Reached XP level 3. HP: 36/36 MP: 2/2
  1250 | D:2      | Found a runed door.
  1254 | D:2      | Noticed Crazy Yiuf
  1258 | D:2      | Killed Crazy Yiuf
  1258 | D:2      | Reached XP level 4. HP: 44/44 MP: 3/3
  1298 | D:2      | Reached skill level 4 in Unarmed Combat
  1594 | D:3      | Found a stormy altar of Qazlal.
  1729 | D:3      | Noticed Robin
  1789 | D:3      | Killed Robin
  2101 | D:3      | Reached *** piety under Trog
  2122 | D:3      | Reached XP level 5. HP: 52/52 MP: 4/4
  2345 | D:4      | Noticed Natasha
  2389 | D:3      | Reached skill level 1 in Staves
  2491 | D:4      | Noticed Duvessa
  2866 | D:4      | Killed Natasha
  2877 | D:4      | Noticed Dowan
  2989 | D:4      | Reached XP level 6. HP: 59/59 MP: 5/5
  3037 | D:4      | Noticed Natasha
  3056 | D:4      | Killed Natasha
  3153 | D:5      | Entered Level 5 of the Dungeon
  3182 | D:5      | You fall through a shaft for 2 floors!
  3182 | D:7      | Noticed a hungry ghost
  3184 | D:7      | Found a staircase to the Ecumenical Temple.
  3187 | D:7      | Noticed a slave
  3187 | D:7      | Noticed a slave
  3188 | D:7      | Noticed a slave
  3189 | D:7      | Noticed a slave
  3248 | D:7      | Paralysed by fainting for 12 turns
  3264 | D:7      | Killed a hungry ghost
  3264 | D:7      | Reached XP level 7. HP: 13/67 MP: 6/6
  3425 | D:6      | Reached **** piety under Trog
  3635 | D:6      | Reached skill level 1 in Stealth
  3997 | D:6      | Got a faintly glowing copper ring
  3999 | D:6      | Identified the ring of Vehoovej {*Tele +Fly rF+ Dex+3} (You found it on level 6 of the Dungeon)
  4319 | D:5      | Reached XP level 8. HP: 78/78 MP: 7/7
  4533 | D:5      | Reached skill level 5 in Unarmed Combat
  4867 | D:7      | Reached ***** piety under Trog
  4932 | D:7      | Reached skill level 1 in Short Blades
  4945 | D:7      | Noticed Joseph
  4962 | D:7      | Shot with a sling bullet by Joseph

Skill      XL: |  1  2  3  4  5  6  7  8 |
---------------+-------------------------+-----
Dodging        | 3 4 |  4.8
Unarmed Combat | 4 5 |  5.9
Staves         | 2 3 4 |  4.6
Fighting       | 3 4 |  4.1
Stealth        | 1 |  1.4
Short Blades   | 1 |  1.3
Throwing       | |  0.8

Action                   |  1- 3 |  4- 6 |  7- 9 || total
-------------------------+-------+-------+-------++-------
Melee: Unarmed           |    91 |       |    98 ||   189
       Punch             |     1 |       |     4 ||     5
       Quarterstaff      |       |   187 |    10 ||   197
       Dagger            |       |       |    64 ||    64
Throw: Stone             |     7 |     1 |     8 ||    16
Invok: Berserk           |     1 |     3 |     3 ||     7
       Brothers in Arms  |       |       |     1 ||     1
Evoke: Wand              |       |     1 |       ||     1
 Stab: Sleeping          |     1 |       |     1 ||     2
       Paralysed         |       |       |     1 ||     1
  Eat: Chunk             |    17 |    21 |    28 ||    66
       Beef jerky        |       |     1 |       ||     1
Armor: Animal skin       |    32 |   108 |     2 ||   142
       Robe              |       |       |    43 ||    43
Dodge: Dodged            |    32 |   108 |    68 ||   208
Block: Other             |       |       |    16 ||    16
